 Dungeon Crawl Stone Soup version 0.27.1-35-g4d5d836560 (webtiles) character file.

Game seed: 16825056472196351380

1589 Delamore the Covert (level 8, -2/51 HPs)
             Began as an Octopode Brigand on Apr 22, 2022.
             Killed by divine providence
             ... invoked by an orc priest
              (14 damage)
             ... on level 7 of the Dungeon.
             The game lasted 00:06:53 (6497 turns).

Delamore the Covert (Octopode Brigand)              Turns: 6497, Time: 00:06:53

Health: -2/51      AC:  1    Str: 10    XL:     8   Next: 92%
Magic:  8/8        EV: 13    Int: 19    God:
Gold:   109        SH:  0    Dex: 15    Spells: 7/7 levels left

rFire    . . .     SeeInvis .   A - +4 dagger of Blind Justice {elec, rElec Int+5}
rCold    . . .     Faith    .   (no shield)
rNeg     . . .     Spirit   .   (helmet restricted)
rPois    .         Reflect  .   (no amulet)
rElec    +         Harm     .   (no ring)
rCorr    .         Rampage  .   (no ring)
Will     .....                  (no ring)
Stlth    +++++.....             (no ring)
HPRegen  0.17/turn              (no ring)
MPRegen  0.11/turn              (no ring)
                                (no ring)
                                (no ring)

@: no status effects
A: almost no armour, amphibious, 8 rings, camouflage 1, gelatinous body 1,
(nimble swimmer 1), tentacles
a: no special abilities


You were on level 7 of the Dungeon.
You visited 1 branch of the dungeon, and saw 7 of its levels.
You also visited: Sewer.

You collected 291 gold pieces.
You spent 182 gold pieces at shops.

Inventory:

Hand Weapons
 y - a +0 rapier of holy wrath
 A - the +4 dagger of Blind Justice (weapon) {elec, rElec Int+5}
   (You found it on level 5 of the Dungeon)

   It occasionally discharges a powerful burst of electricity upon striking a
   foe.
   Int:       It affects your intelligence (+5).
   rElec:     It insulates you from electricity.
Missiles
 b - 44 poisoned darts (quivered)
 c - 2 curare-tipped darts
Jewellery
 k - a ring of ice
Wands
 s - a wand of polymorph (9)
 t - a wand of flame (19)
 z - a wand of acid (10)
Scrolls
 d - a scroll of teleportation
 e - a scroll of fog {unknown}
 f - a scroll of immolation
 g - 3 scrolls of blinking
 i - 2 scrolls of enchant armour
 o - 3 scrolls of noise
 r - a scroll of magic mapping
 w - a scroll of fear
 x - a scroll of enchant weapon
Potions
 a - a potion of ambrosia {unknown}
 h - 2 potions of magic {unknown}
 j - 2 potions of flight {unknown}
 l - 2 potions of brilliance {unknown}
 m - 2 potions of berserk rage {unknown}
 p - a potion of might {unknown}
 u - 3 potions of lignification {unknown}


   Skills:
 + Level 2.4 Fighting
 * Level 9.2 Short Blades
 - Level 2.0 Throwing
 + Level 1.6 Dodging
 - Level 10.0 Stealth


You had 7 spell levels left.
You didn't know any spells.
Your spell library contained the following spells:

 Spells                   Type           Power      Damage    Failure   Level
 Conjure Flame            Conj/Fire      0%         6-21      52%         3
 Ignite Poison            Fire/Tmut/Pois 0%         N/A       52%         3
 Ozocubu's Armour         Ice            0%         N/A       52%         3
 Sticky Flame             Conj/Fire      0%         2d3       90%         4
 Ozocubu's Refrigeration  Ice            0%         4d5       100%        7


Dungeon Overview and Level Annotations

Branches:
Dungeon (7/15)              Sewer (visited)
 Temple: D:4-7

Altars:

Shops:
D:5 *


Innate Abilities, Weirdness & Mutations

You cannot wear most types of armour.
You are amphibious.
You can wear up to eight rings at the same time.
Your skin changes colour to match your surroundings (Stealth+).
Your rubbery body absorbs attacks. (AC +1, EV +1)
((You are camouflaged near water. (Stealth+)))
You have tentacles for arms and can constrict up to eight enemies at once.


Message History

You throw a poisoned dart.
The poisoned dart barely misses the orc priest.
The poisoned dart closely misses the orc priest.
The orc priest casts a cantrip, but nothing happens.
The orc priest calls upon Beogh to heal the orc priest.
The orc priest's wounds heal themselves!
The orc priest looks satisfied for a moment.
The orc priest looks more healthy.
The orc priest calls down the wrath of Beogh upon you.
Pain shoots through your body!
The orc priest looks encouraged for a moment.
The orc priest looks braver for a moment.
There is a stone staircase leading up here.
You throw a poisoned dart. The poisoned dart hits the orc priest.
The orc priest is moderately wounded.
The orc priest looks encouraged for a moment.
The orc priest calls upon Beogh to heal the orc priest.
The orc priest's wounds heal themselves!
You throw a poisoned dart. The poisoned dart hits the orc priest.
The orc priest is poisoned.
You throw a poisoned dart. The poisoned dart hits the orc priest.
The orc priest looks even sicker.
The orc priest miscasts a cantrip.
You throw a poisoned dart.
The poisoned dart barely misses the orc priest.
The poisoned dart hits the orc priest.
The orc priest is poisoned.
The orc priest looks satisfied for a moment.
You throw a poisoned dart. The poisoned dart hits the orc priest.
The orc priest is lightly wounded.
The orc priest begins to cast a cantrip, but forgets the words!
You throw a poisoned dart. The poisoned dart hits the orc priest.
The orc priest is lightly wounded.
The orc priest invokes the aid of Beogh against you.
Beogh smites you!
The orc priest invokes the aid of Beogh against you.
Beogh smites you!
* * * LOW HITPOINT WARNING * * *
The orc priest calls down the wrath of Beogh upon you.
Beogh smites you!
You die...

#.# #.# #.# #.# #
####.######..##
......(@.^....#
#####.##.####.##
+.............(.
#####.##...#...#
#....##o#####.#
#.....oo......#
########(#####..#
....####'######.
#..............


You could see 3 orc priests.

Vanquished Creatures
  Grinder (D:5)
  Purgy (Sewer)
  A black bear (D:6)
  2 centaurs (D:4)
  A kobold brigand (D:4)
  A bullfrog (D:4)
  2 scorpions (D:6)
  2 jellies
  2 howler monkeys
  A hound (D:4)
  A centaur skeleton (D:4)
  3 iguanas (D:4)
  2 orc priests (D:3)
  Crazy Yiuf (D:2)
  Natasha (thrice) (D:4)
  An orc wizard (D:3)
  A hound skeleton (D:3)
  Robin (D:4)
  8 gnolls (D:5)
  A howler monkey skeleton (D:6)
  7 adders
  A white imp (D:5)
  2 ufetubi
  4 worms
  2 dart slugs
  9 orcs
  7 ball pythons
  5 bats
  6 endoplasms
  4 giant cockroaches
  16 goblins
  11 hobgoblins
  14 jackals
  2 quokkas
  4 frilled lizards
  9 kobolds
  A quokka skeleton (D:4)
  8 rats
148 creatures vanquished.

Notes
Turn   | Place    | Note
-------+----------+-------------------------------------------
     0 | D:1      | Delamore the Octopode Brigand began the quest for the Orb.
     0 | D:1      | Reached XP level 1. HP: 14/14 MP: 1/1
     6 | D:1      | Noticed a black mamba
     6 | D:1      | Noticed a rime drake
     7 | D:1      | Noticed a black bear
    46 | D:1      | Reached XP level 2. HP: 19/19 MP: 2/2
   239 | D:1      | Found a faded altar of an unknown god.
   587 | D:1      | Reached XP level 3. HP: 24/24 MP: 3/3
  1262 | D:2      | Reached skill level 6 in Stealth
  1472 | D:2      | Reached XP level 4. HP: 25/29 MP: 4/4
  1599 | D:2      | Found a runed translucent door.
  1600 | D:2      | Noticed Crazy Yiuf
  1610 | D:2      | Killed Crazy Yiuf
  2327 | D:3      | Reached XP level 5. HP: 34/34 MP: 5/5
  2767 | D:3      | Reached skill level 5 in Short Blades
  2767 | D:3      | Reached skill level 7 in Stealth
  2966 | D:4      | Reached XP level 6. HP: 39/39 MP: 6/6
  3390 | D:4      | Noticed Robin
  3397 | D:4      | Killed Robin
  3417 | D:4      | Reached XP level 7. HP: 37/45 MP: 7/7
  3505 | D:4      | Found a large runed translucent door.
  3505 | D:4      | Found a large runed translucent door.
  3510 | D:4      | Found a large runed translucent door.
  3510 | D:4      | Found a large runed translucent door.
  3595 | D:4      | Noticed Natasha
  3596 | D:4      | Killed Natasha
  3597 | D:4      | Reached skill level 8 in Stealth
  3762 | D:4      | Noticed Natasha
  3778 | D:4      | Killed Natasha
  4076 | D:4      | Noticed Natasha
  4080 | D:4      | Killed Natasha
  4221 | D:5      | Entered Level 5 of the Dungeon
  4251 | D:5      | Reached XP level 8. HP: 50/50 MP: 8/8
  4273 | D:5      | Found a glowing drain.
  4281 | Sewer    | Entered a sewer
  4360 | Sewer    | Noticed Purgy
  4362 | Sewer    | Killed Purgy
  4363 | Sewer    | Reached skill level 9 in Stealth
  4465 | D:5      | Noticed Grinder
  4475 | D:5      | Killed Grinder
  4978 | D:5      | Found Inirap's Assorted Antiques.
  4987 | D:5      | Bought a runed rapier for 182 gold pieces
  5914 | D:5      | Identified the +4 dagger of Blind Justice {elec, rElec
                  | Int+5}
  6037 | D:6      | Reached skill level 10 in Stealth
  6497 | D:7      | Killed from afar by an orc priest

Illustrated notes

Levels and vault maps discovered:
D:1:      onia_arrival_zoo_common, layout_loops_ring,
          dreamdust_ecumenical_altar_angels_and_demons
D:2:      layout_loops_cross, minmay_box_of_dots, uniq_crazy_yiuf_cottage
D:3:      layout_basic
D:4:      layout_loops_ring, fountainhead, minmay_hollow_rounded_squares,
          uniq_robin, uniq_natasha
D:5:      layout_basic, gup_sewer_entry_bubbles, serial_shops,
          nicolae_stop_n_shop_2, water_boxes_lemuel, uniq_grinder
D:6:      layout_basic
D:7:      layout_basic, lemuel_crystal_altar, minmay_overflow_temple_star_hex,
          minmay_temple_entry_arrows, moated_statue, minmay_curled_crystal

Skill      XL: |  1  2  3  4  5  6  7  8 |
---------------+-------------------------+-----
Short Blades   | 3 4 5 6 7 9 |  9.2
Stealth        | 6 7 8 10 | 10.0
Fighting       | |  2.4
Throwing       | |  2.0
Dodging        | |  1.6

Action                   |  1- 3 |  4- 6 |  7- 9 || total
-------------------------+-------+-------+-------++-------
Melee: Dagger            |    59 |   113 |    31 ||   203
       Constrict         |    13 |    18 |    20 ||    51
       Tentacles         |     5 |    26 |    11 ||    42
       Short sword       |       |       |    71 ||    71
Throw: Dart              |     1 |     3 |    11 ||    15
  Use: Scroll            |       |     4 |     5 ||     9
 Stab: Sleeping          |    17 |    24 |    20 ||    61
       Distracted        |       |     1 |     1 ||     2
Armor: Skin              |     4 |     6 |       ||    10
Dodge: Dodged            |    22 |    47 |    30 ||    99
